Map: Hardwire LE

Players

HeroMarine

  • Race: Terran Terran
  • League: Master

Reynor - Winner!

  • Race: Zerg Zerg
  • League: Master

Event: TSL 8

VOD

Have the link to the VOD?

Description

Time

  • Played on: Dec. 10, 2021, 12:09 p.m.
  • Length: 13:48

All games in this series

Show
View Real Time Build Order
Export as new Build Order

HeroMarine Terran 

Build Orders: Hellion Opening, Reaper Expand 

Get SALT Encoding   

  12  0:00  SCV  
  13  0:12  SCV  
  14  0:17  Supply Depot  
  14  0:24  SCV  
  15  0:38  SCV  
  15  0:40  Barracks  
  16  0:43  Refinery  
  16  0:50  SCV  
  17  1:03  SCV  
  18  1:15  SCV  
  19  1:26  Reaper  
  19  1:27  Orbital Command  
  20  1:39  Command Center  
  20  1:47  Supply Depot  
  20  1:52  SCV  
  21  1:58  Marine  
  22  2:04  SCV  
  22  2:08  Factory  
  23  2:16  SCV  
  23  2:19  Barracks Reactor  
  24  2:28  SCV  
  25  2:40  SCV  
  25  2:41  Command Center  
  26  2:51  Orbital Command  
  26  2:52  SCV  
  27  3:01  Starport  
  27  3:05  SCV  
  28  3:09  Hellion  
  28  3:11  Refinery  
  30  3:14  Hellion  
  30  3:17  SCV  
  30  3:18  SCV  
  34  3:20  Marine  
  35  3:29  SCV  
  35  3:30  SCV  
  35  3:32  Hellion  
  39  3:36  Hellion  
  39  3:38  Viking  
  44  3:41  SCV  
  44  3:42  SCV  
  44  3:43  Barracks Tech Lab  
  45  3:53  SCV, Orbital Command  
  45  3:54  SCV  
  45  3:55  Hellion  
  49  3:58  Hellion  
  51  4:08  Liberator, Supply Depot, SCV  
  55  4:10  SCV  
  55  4:15  Marine  
  57  4:20  Hellion, SCV  
  57  4:22  SCV  
  61  4:28  Orbital Command  
  61  4:29  Stimpack  
  61  4:31  Supply Depot  
  63  4:32  SCV  
  63  4:33  Marine  
  63  4:34  SCV  
  64  4:45  Barracks  
  64  4:46  SCV x2, Factory Reactor, Barracks  
  64  4:49  Refinery x2  
  64  4:51  Marine  
  64  4:52  Starport Reactor  
  67  4:58  SCV  
  67  4:59  SCV x2  
  70  5:01  Engineering Bay x2  
  70  5:03  Supply Depot  
  70  5:09  Marine  
  70  5:10  SCV  
  70  5:11  SCV x2  
  72  5:22  SCV  
  72  5:23  SCV  
  72  5:24  SCV  
  72  5:26  Marine  
  72  5:27  Terran Infantry Weapons Level 1, Terran Infantry Armor Level 1  
  76  5:31  Supply Depot, Factory Tech Lab  
  76  5:32  Supply Depot  
  76  5:34  SCV  
  76  5:35  SCV  
  78  5:36  SCV  
  78  5:37  Marine x2  
  80  5:43  Barracks  
  80  5:45  Barracks  
  80  5:46  SCV  
  80  5:47  SCV  
  80  5:48  SCV, Marine x2  
  80  5:49  Marine  
  83  5:53  Medivac, Siege Tank  
  83  5:54  Medivac  
  90  5:59  SCV x2  
  90  6:00  Marine x2  
  94  6:06  Supply Depot, SCV  
  94  6:08  Combat Shield  
  94  6:11  SCV x2  
  96  6:13  Marine x2  
  96  6:16  Marine  
  96  6:18  SCV  
  101  6:19  Supply Depot  
  101  6:20  Supply Depot  
  101  6:26  Supply Depot  
  101  6:27  Medivac x2, SCV x2  
  101  6:28  Marine x2  
  101  6:32  Barracks Reactor x2  
  109  6:40  SCV x2, Marine  
  109  6:42  Marine  
  109  6:43  Supply Depot, Marine  
  109  6:44  Supply Depot  
  109  6:46  Siege Tank, Marine  
  118  6:53  SCV x2  
  120  6:55  Marine  
  120  6:57  SCV  
  120  6:58  Refinery, Marine  
  120  6:59  Refinery  
  120  7:00  Marine  
  120  7:01  Armory, Marine  
  124  7:04  Marine  
  124  7:05  SCV  
  127  7:11  SCV x2, Marine x2  
  127  7:12  Factory  
  127  7:13  Marine  
  132  7:16  Marine  
  132  7:17  Marine x2  
  132  7:18  Supply Depot, Marine  
  132  7:19  Marine  
  132  7:22  Siege Tank  
  140  7:29  Command Center  
  140  7:31  Marine x2  
  140  7:32  Marine x2  
  140  7:34  Marine x3  
  147  7:40  Marine  
  147  7:43  Supply Depot  
  148  7:44  Supply Depot  
  148  7:48  Marine  
  148  7:49  Marine x2  
  148  7:50  Medivac x2  
  155  7:52  Terran Infantry Weapons Level 2, Terran Infantry Armor Level 2  
  155  7:54  Terran Vehicle And Ship Armor Level 1  
  155  7:56  Marine x2  
  155  7:57  Factory Tech Lab  
  157  7:59  Supply Depot  
  157  8:04  Marine x4  
  161  8:15  Marine x2  
  161  8:16  SCV x3  
  166  8:23  Marine x3  
  166  8:24  Barracks  
  166  8:25  Siege Tank  
  166  8:26  Barracks x2  
  172  8:27  Siege Tank  
  172  8:28  SCV x2  
  176  8:39  Marine x2  
  176  8:40  Marine  
  179  8:44  Medivac x2  
  183  8:49  SCV x2  
  183  8:52  SCV  
  186  8:57  Siege Tank  
  186  8:59  Siege Tank  
  186  9:01  SCV x2  
  194  9:04  Marine x2  
  194  9:07  Sensor Tower  
  196  9:12  Barracks Tech Lab  
  196  9:13  Supply Depot, Planetary Fortress  
  196  9:16  Barracks Tech Lab, Refinery x2  
  196  9:17  Ghost Academy  
  196  9:19  Barracks Tech Lab  
  196  9:34  Marine  
  196  9:35  Siege Tank x2, Marine x5  
  194  9:40  Marauder  
  194  9:44  Marauder x2  
  195  9:50  Command Center, Enhanced Shockwaves  
  195  9:52  Command Center, Ghost  
  195  9:55  Command Center  
  195  9:56  Terran Vehicle Weapons Level 1  
  195  10:00  Ghost  
  195  10:04  Ghost x2  
  195  10:07  Marine x2  
  182  10:15  Siege Tank x2  
  182  10:17  Marine x2  
  182  10:19  Marine x2  
  192  10:22  Marauder  
  194  10:30  Marauder  
  194  10:33  Ghost  
  194  10:34  Marauder  
  199  10:44  Missile Turret x2  
  199  10:45  Terran Infantry Weapons Level 3  
  199  10:50  Missile Turret  
  198  10:57  Missile Turret  
  198  11:01  Sensor Tower  
  198  11:04  Terran Infantry Armor Level 3  
  198  11:09  Orbital Command  
  198  11:10  Command Center  
  198  11:13  Command Center  
  198  11:17  Missile Turret, Refinery  
  197  11:18  Refinery  
  197  11:19  Ghost  
  197  11:24  Planetary Fortress  
  199  11:29  Orbital Command  
  199  11:33  Command Center  
  199  11:34  Command Center  
  199  11:38  Missile Turret  
  199  11:51  Sensor Tower  
  194  11:55  Ghost x2  
  194  11:59  Ghost  
  200  12:17  Command Center x2  
  200  12:22  Missile Turret x2, Command Center  
  200  12:23  Missile Turret  
  200  12:31  Ghost  
  200  12:32  Ghost x2  
  200  12:33  Ghost  
  200  12:34  Siege Tank  
  200  12:36  SCV  
  193  12:38  SCV  
  193  12:39  SCV  
  172  12:46  Siege Tank  
  168  12:53  Orbital Command  
  167  13:00  Liberator  
  167  13:01  Liberator  
  152  13:14  Ghost x2  
  152  13:15  Ghost  
  152  13:17  Ghost  
  144  13:27  SCV x3  
  132  13:29  SCV  
Show
View Real Time Build Order
Export as new Build Order

Reynor Zerg - Winner!

Build Orders: Hatch First, Lurkers 

Get SALT Encoding   

  12  0:00  Drone  
  13  0:11  Overlord  
  13  0:16  Drone  
  14  0:30  Drone x2  
  16  0:47  Hatchery  
  15  0:51  Drone  
  15  0:54  Drone  
  17  0:57  Drone  
  18  1:08  Extractor  
  17  1:13  Spawning Pool  
  17  1:15  Drone  
  17  1:19  Drone  
  18  1:27  Drone  
  19  1:38  Drone  
  20  1:49  Overlord  
  20  1:59  Queen x2  
  20  2:00  Zergling x4  
  26  2:10  Drone  
  26  2:11  Drone  
  28  2:20  Drone  
  28  2:21  Drone  
  28  2:22  Metabolic Boost  
  30  2:33  Spore Crawler  
  28  2:39  Hatchery  
  28  2:41  Drone x2  
  28  2:42  Drone  
  31  2:45  Overlord  
  31  2:51  Queen  
  31  2:54  Drone  
  31  2:57  Drone  
  35  3:06  Drone x2  
  35  3:08  Overlord  
  37  3:13  Queen  
  37  3:15  Drone x2  
  37  3:16  Drone  
  37  3:19  Drone  
  43  3:25  Overlord  
  43  3:30  Queen  
  43  3:31  Drone  
  46  3:38  Zergling x4  
  48  3:46  Overlord  
  48  3:49  Drone, Queen  
  48  3:51  Drone  
  48  3:52  Drone x3  
  55  3:58  Overlord  
  55  4:00  Drone  
  56  4:05  Overlord  
  56  4:06  Drone x3  
  56  4:09  Queen  
  61  4:10  Zergling x2  
  61  4:13  Zergling x2  
  61  4:16  Queen  
  65  4:17  Overlord  
  65  4:22  Drone x2, Spore Crawler  
  66  4:26  Drone x2  
  66  4:27  Drone  
  69  4:35  Zergling x6  
  69  4:36  Drone x2  
  74  4:40  Queen, Spore Crawler  
  74  4:41  Drone  
  74  4:42  Drone  
  74  4:43  Drone  
  78  4:46  Overlord  
  78  4:47  Drone  
  81  4:52  Drone x2  
  81  4:59  Drone x2, Evolution Chamber, Overlord  
  82  5:00  Evolution Chamber, Extractor  
  82  5:02  Drone x2  
  82  5:03  Drone  
  83  5:11  Zergling x4  
  83  5:13  Overlord  
  85  5:20  Drone x2  
  87  5:23  Drone  
  87  5:27  Drone x2, Overlord  
  87  5:28  Drone x3, Extractor  
  93  5:30  Hatchery  
  93  5:31  Lair  
  93  5:33  Zerg Ground Armor Level 1  
  91  5:38  Drone x2, Zerg Melee Weapons Level 1  
  91  5:39  Drone x2  
  94  5:44  Overlord  
  94  5:48  Baneling Nest, Extractor  
  94  5:49  Drone  
  93  5:50  Drone  
  93  5:52  Extractor  
  93  5:53  Extractor  
  93  5:55  Drone  
  93  5:56  Drone x2  
  95  6:07  Drone x2  
  95  6:09  Zergling x10, Spore Crawler  
  101  6:12  Drone  
  101  6:18  Drone  
  103  6:22  Zergling x4  
  103  6:23  Zergling x4  
  103  6:24  Drone, Spore Crawler  
  103  6:25  Spore Crawler  
  106  6:30  Drone x2  
  106  6:31  Centrifugal Hooks  
  108  6:34  Pneumatized Carapace  
  108  6:37  Baneling x5  
  108  6:38  Drone x4, Baneling  
  108  6:39  Drone x2  
  114  6:42  Overlord  
  114  6:43  Drone x2, Hydralisk Den  
  115  6:52  Zergling x6  
  118  6:54  Drone  
  118  6:56  Queen  
  118  6:57  Drone x4  
  118  7:00  Spore Crawler  
  124  7:02  Baneling x6  
  124  7:05  Zergling x12  
  130  7:09  Baneling x3  
  130  7:10  Overseer, Spore Crawler  
  130  7:13  Hatchery  
  130  7:15  Muscular Augments  
  128  7:16  Hydralisk  
  128  7:17  Hydralisk x2  
  128  7:20  Hydralisk  
  128  7:22  Hydralisk x2  
  136  7:28  Hydralisk x2  
  144  7:31  Overlord x4  
  144  7:38  Zerg Ground Armor Level 2  
  144  7:48  Overlord  
  144  7:49  Zerg Melee Weapons Level 2  
  144  7:50  Drone x7  
  151  7:52  Zergling x2  
  151  7:53  Zergling x4, Extractor  
  151  7:54  Hydralisk x2, Extractor  
  151  7:55  Zergling x2  
  157  8:00  Baneling x4  
  157  8:02  Zergling x4  
  157  8:04  Zergling x8  
  162  8:12  Baneling x8, Zergling x2  
  162  8:13  Zergling x8  
  166  8:21  Zergling x2  
  166  8:22  Zergling x8  
  166  8:24  Zergling x4  
  166  8:25  Infestation Pit  
  172  8:28  Grooved Spines  
  172  8:30  Zergling x4  
  172  8:36  Zergling x2  
  172  8:37  Zergling x8  
  172  8:40  Zergling x4  
  179  8:47  Drone x2  
  179  8:48  Drone x4  
  185  8:54  Hydralisk x2  
  189  8:57  Baneling x8  
  189  8:59  Baneling x7  
  189  9:03  Hive  
  189  9:04  Hatchery  
  189  9:07  Zergling x8  
  189  9:19  Spore Crawler  
  189  9:20  Spore Crawler  
  189  9:21  Baneling x4  
  186  9:25  Zergling x8  
  187  9:36  Hydralisk x3  
  187  9:37  Zergling x24  
  189  9:44  Drone x2, Lurker Den  
  187  9:46  Zergling x6  
  190  9:54  Zerg Missile Weapons Level 1, Burrow  
  182  10:06  Zergling x18  
  186  10:17  Viper  
  186  10:18  Viper x2  
  196  10:21  Drone, Extractor  
  196  10:22  Extractor  
  196  10:24  Zerg Ground Armor Level 3  
  196  10:27  Adrenal Glands  
  194  10:31  Overseer x2  
  192  10:38  Zergling x14  
  195  10:48  Adaptive Talons  
  193  10:55  Zergling x14  
  196  11:02  Overlord  
  189  11:19  Lurker x5  
  194  11:28  Drone x6  
  200  11:36  Overseer x2  
  200  11:45  Seismic Spines  
  200  11:50  Spore Crawler  
  200  11:52  Spine Crawler  
  195  12:00  Lurker x7  
  200  12:11  Extractor x2  
  198  12:16  Overseer  
  198  12:17  Nydus Network  
  198  12:18  Overseer  
  198  12:19  Hatchery  
  198  12:21  Zergling x10  
  193  12:32  Hydralisk  
  193  12:33  Zergling x18  
  189  12:37  Zergling x28  
  189  12:39  Zergling x16  
  189  12:40  Zergling x12  
  189  12:42  Overseer, Hatchery  
  196  12:46  Drone x4  
  196  12:47  Zergling x6  
  198  12:58  Overseer  
  172  13:13  Overseer  
  172  13:15  Hydralisk x5  
  172  13:19  Zergling x32  
  160  13:30  Zergling x6  
Tags
 
Add a new tag
Caveats
  • Supply blocks, unpowered buildings, or Contaminate may cause inaccurate times.
  • Supply counts are checked every 10 seconds.